 Dungeon Crawl Stone Soup version 0.23.0 (webtiles) character file.

Game seed: 14288435316518060408

130 Borgoz the Cutter (level 5, 0/33 HPs)
             Began as a Kobold Monk on Feb 16, 2019.
             Slain by Sigmund
             ... wielding a +1 vampiric scythe
              (2 damage)
             ... on level 3 of the Dungeon on Feb 17, 2019.
             The game lasted 00:05:59 (2472 turns).

Borgoz the Cutter (Kobold Monk)                     Turns: 2472, Time: 00:06:00

Health: 0/33       AC:  2    Str:  8    XL:     5   Next: 36%
Magic:  5/5        EV: 18    Int: 11    God:
Gold:   117        SH:  0    Dex: 19    Spells: 4/4 levels left

rFire    + . .     SeeInvis .   a - +0 short sword
rCold    + . .     Gourm    .   (shield restricted)
rNeg     . . .     Faith    .   b - +0 robe
rPois    .         Spirit   .   (no helmet)
rElec    .         Reflect  .   l - scarf {rC+ rF+}
rCorr    .         Harm     .   (no gloves)
MR       .....                  (no boots)
Stlth    +++.......             g - amulet of rage
HPRegen  0.11/turn              (no ring)
MPRegen  0.09/turn              (no ring)

@: berserk cooldown, slowed, very slow
A: small, carnivore
a: Evoke Berserk Rage


You were on level 3 of the Dungeon.
You were very full.

You visited 1 branch of the dungeon, and saw 3 of its levels.

You collected 117 gold pieces.

Inventory:

Hand Weapons
 a - a +0 short sword (weapon)
Armour
 b - a +0 robe (worn)
 l - a scarf of resistance (worn)
Jewellery
 g - an amulet of rage (around neck)
Scrolls
 d - a scroll of enchant weapon {unknown}
 e - 3 scrolls of teleportation
 h - a scroll of blinking
 i - a scroll of remove curse
 j - a scroll of amnesia
 m - a scroll of fog
Potions
 f - a potion of invisibility
 k - a potion of curing
 o - a potion of lignification {unknown}
Comestibles
 c - 5 rations
 n - a chunk of flesh


   Skills:
 + Level 3.6 Fighting
 * Level 5.0 Short Blades
 + Level 1.0 Armour
 * Level 4.7 Dodging
 * Level 4.3 Stealth


You had 4 spell levels left.
You didn't know any spells.
Your spell library was empty.

Dungeon Overview and Level Annotations

Branches:
Dungeon (3/15)

Altars:
Ru

Annotations:
D:3 Sigmund


Innate Abilities, Weirdness & Mutations

You are small and have problems with some larger weapons.
You are carnivorous and can eat meat at any time.


Message History

The bat hits you but does no damage.
You completely miss something. The bat closely misses you.
You hear some strange, mumbled words.
A puff of flame appears from out of thin air!
The puff of flame misses you.
You're too confused to move!
The bat barely misses you. x2
You're too confused to move!
You feel a strong urge to attack something.
The bat barely misses you. The bat hits you but does no damage.
Something hits you!
You bump into the rock wall.
You feel less confused.
You are no longer berserk.
You are exhausted.
You feel yourself slow down. The bat misses you. The bat closely misses you.
The bat barely misses you.
You hit something.
The bat misses you. x2; Something hits you!
* * * LOW HITPOINT WARNING * * *
You barely miss something. The bat hits you but does no damage. x2
Something hits you.
You die...

#............#
#..>......>..#
#............#
######..........## ...#
##...##...## ##.#
#...####.## #.###.###
#.######### #.(##.#
#.##......# ##....#
###...@{....# ##..##
##(.....b....#
####..####.<##.).b.####
.(......)).###.#...#
..(........# ..###.#
(..##..##.###.## .#
.#......(.....# ..
.###..........# #.#
.#............#


You could see 2 bats.

Vanquished Creatures
  A worker ant (D:2)
  A gnoll (D:1)
  3 adders
  2 oozes
  A worm (D:1)
  2 dart slugs (D:3)
  A leopard gecko (D:1)
  An orc (D:3)
  A ball python (D:2)
  6 bats
  4 giant cockroaches
  4 goblins
  10 hobgoblins
  2 kobolds
  4 quokkas
  3 frilled lizards
  5 rats
51 creatures vanquished.

Notes
Turn   | Place    | Note
-------+----------+-------------------------------------------
     0 | D:1      | Borgoz the Kobold Monk began the quest for the Orb.
     0 | D:1      | Reached XP level 1. HP: 14/14 MP: 1/1
   286 | D:1      | Reached XP level 2. HP: 19/19 MP: 2/2
   565 | D:1      | Reached XP level 3. HP: 23/23 MP: 3/3
  1184 | D:1      | Reached XP level 4. HP: 14/28 MP: 4/4
  1606 | D:2      | Reached skill level 1 in Armour
  1748 | D:2      | Found a sacrificial altar of Ru.
  1855 | D:2      | Reached skill level 5 in Short Blades
  1855 | D:2      | Reached XP level 5. HP: 28/32 MP: 5/5
  2317 | D:3      | Noticed Sigmund
  2472 | D:3      | Slain by Sigmund

Skill      XL: |  1  2  3  4 |
---------------+-------------+-----
Stealth        | 3 4 |  4.3
Dodging        | 4 |  4.7
Armour         | 1 |  1.0
Short Blades   | 5 |  5.0
Fighting       | |  3.6

Action                   |  1- 3 |  4- 6 || total
-------------------------+-------+-------++-------
Melee: Short sword       |    81 |   126 ||   207
 Abil: Evoke Berserk Rag |       |     2 ||     2
  Use: Scroll            |       |     8 ||     8
 Stab: Sleeping          |     4 |     4 ||     8
  Eat: Chunk             |     9 |     5 ||    14
Armor: Robe              |    19 |    10 ||    29
Dodge: Dodged            |    79 |    99 ||   178
